[Event "Early-Titled-Tuesday-Blitz-July-09-2024"]
[Site "Chess.com"]
[Date "2024.07.09"]
[Round "5"]
[White "Arteler"]
[Black "ilqar_74"]
[Result "0-1"]
[WhiteElo "2295"]
[BlackElo "2903"]
[TimeControl "180+1"]
[EndTime "8:55:06 PDT"]
[Termination "ilqar_74 won by resignation"]

1. d4 Nf6 2. Nc3 e6 3. e4 d5 4. Bg5 dxe4 5. Nxe4 Be7 6. Bxf6 Bxf6 7. Nf3 Nd7 8. Bd3 b6 9. O-O Bb7 10. Qe2 O-O 11.
Rfd1 Qe7 12. a4 c5 13. Nxf6+ Nxf6 14. a5 cxd4 15. Nxd4 bxa5 16. Rxa5 Rfd8 17. Nf5 Qc7 18. Nh6+ gxh6 19. Ra4 Rd5 20. Rh4 Rg5 21. f3 Kg7 22. Qd2 Bxf3 0-1

[Event "Early-Titled-Tuesday-Blitz-July-09-2024"]
[Site "Chess.com"]
[Date "2024.07.09"]
[Round "5"]
[White "neistoviupryam"]
[Black "tgpgoat"]
[Result "0-1"]
[WhiteElo "2326"]
[BlackElo "2519"]
[TimeControl "180+1"]
[EndTime "8:55:08 PDT"]
[Termination "tgpgoat won by resignation"]

1. e4 c5 2. d4 cxd4 3. c3 dxc3 4.
Nxc3 Nc6 5. Nf3 e6 6. Bc4 Qc7 7. O-O Nf6 8. Nb5 Qb8 9. e5 a6 10. exf6 axb5 11. fxg7 Bxg7 12. Bxb5 O-O 13. Bd3 d5 14.
Ng5 h6 15. Qh5 e5 16. Nh7 e4 17. Bxh6 Qe5 18. Qxe5 Nxe5 19. Bxg7 Kxg7 20. Nxf8 Nxd3 21. f3 e3 22. Rfd1 Bf5 23. g4 e2 24. Rd2 e1=Q+ 0-1

[Event "Early-Titled-Tuesday-Blitz-July-09-2024"]
[Site "Chess.com"]
[Date "2024.07.09"]
[Round "5"]
[White "LunaTheTuna2013"]
[Black "aanshnerurkar"]
[Result "0-1"]
[WhiteElo "2068"]
[BlackElo "2466"]
[TimeControl "180+1"]
[EndTime "8:55:09 PDT"]
[Termination "aanshnerurkar won by resignation"]

1. d4 Nf6 2. c4 e6 3. Nc3 Bb4 4. e3 O-O 5. Bd3 Bxc3+ 6. bxc3 d6 7. Nf3 b6 8. O-O Bb7 9. Bb2 Nbd7 10. Rc1 e5 11. e4 Bxe4 12. Bxe4 Nxe4 13. Re1 Nef6 14. dxe5 dxe5 15. Nxe5 Nxe5 16. Rxe5 Qxd1+ 17. Rxd1 Rad8 18. Rde1 Rfe8 19. Rxe8+ Rxe8 20. Rxe8+ Nxe8 21. f3 c5 22. Kf2 Nd6 23. Bc1 Kf8 24. Bf4 Nxc4 25. Ke2 Ke7 26. Kd3 Nd6 27. a4 Ke6 28. Bg3 Kd5 29. Bf4 a6 30. Bg3 Nc4 31. Bc7 Nb2+ 32. Kc2 Nxa4 33. Kb3 b5 34. c4+ Kc6 35. Be5 f6 36. Bf4 Nb6 37. cxb5+ axb5 38. Be3 Nd5 39. Bf2 c4+ 40. Kc2 b4 41. Be1 Kb5 42. Bf2 Ka4 43. Bd4 b3+ 44. Kb2 c3+ 45. Bxc3 Nxc3 46. Kxc3 Ka3 47.
Kd2 b2 48. Kc2 Ka2 0-1

[Event "Early-Titled-Tuesday-Blitz-July-09-2024"]
[Site "Chess.com"]
[Date "2024.07.09"]
[Round "5"]
[White "EvilMorty23"]
[Black "Andrey-Ivanov2011"]
[Result "1-0"]
[WhiteElo "2388"]
[BlackElo "2153"]
[TimeControl "180+1"]
[EndTime "8:55:12 PDT"]
[Termination "EvilMorty23 won by checkmate"]

1. e4 c5 2. d4 cxd4 3. c3 dxc3 4. Nxc3 Nc6 5. Nf3 e6 6. Be3 Bb4 7. Bc4 Nge7 8. e5 O-O 9. O-O Ng6 10. Re1 Bxc3 11.
bxc3 b6 12. Bg5 f6 13. exf6 gxf6 14. Bh6 Re8 15. Qd6 Qe7 16. Bxe6+ dxe6 17. Qxc6 Bd7 18.
Qe4 Rac8 19. h4 Bc6 20. Qg4 Bxf3 21. Qxf3 Nxh4 22. Qg4+ Ng6 23. Re3 Rc5 24. Rae1 e5 25. Rg3 Qe6 26. Qh5 Kf7 27. Be3 Rc4 28. Qxh7+ Kf8 29. Bh6# 1-0

[Event "Early-Titled-Tuesday-Blitz-July-09-2024"]
[Site "Chess.com"]
[Date "2024.07.09"]
[Round "5"]
[White "GMAkobianSTL"]
[Black "english_player_89"]
[Result "1-0"]
[WhiteElo "2816"]
[BlackElo "2527"]
[TimeControl "180+1"]
[EndTime "8:55:18 PDT"]
[Termination "GMAkobianSTL won by resignation"]

1. d4 d5 2. c4 c6 3. cxd5 cxd5 4. Nf3 Nf6 5. Nc3 Nc6 6. Bf4 Bf5 7. e3 e6 8. Qb3 Bb4 9. Ne5 Bxc3+ 10. bxc3 Nxe5 11. Bxe5 Qb6 12. Bb5+ Kf8 13. O-O Kg8 14. f3 a6 15. Be2 Qxb3 16. axb3 Rc8 17. c4 Bc2 18. c5 Nd7 19. Bd6 f6 20. Rfc1 Bg6 21. b4 Be8 22. b5 axb5 23. Bxb5 Kf7 24. Ra7 b6 25. Bxd7 Bxd7 26. Rxd7+ Kg6 27. c6 1-0

[Event "Early-Titled-Tuesday-Blitz-July-09-2024"]
[Site "Chess.com"]
[Date "2024.07.09"]
[Round "5"]
[White "wannabe2700"]
[Black "JunjiCol"]
[Result "0-1"]
[WhiteElo "2540"]
[BlackElo "2369"]
[TimeControl "180+1"]
[EndTime "8:55:21 PDT"]
[Termination "JunjiCol won by resignation"]

1. b3 a5 2. Nf3 a4 3. b4 e5 4. a3 e4 5. Nd4 c5 6. Nb5 cxb4 7. axb4 Bxb4 8. c3 Qa5 9. e3 Be7 10. N1a3 d5 11. c4 Nf6 12. cxd5 Nxd5 13. Nc4 Qd8 14.
Rxa4 Rxa4 15. Qxa4 O-O 16. Na5 Nd7 17. Qxe4 Nc5 18. Qf3 Qxa5 19. Qxd5 Be6 20. Qe5 Rc8 21. Qb2 Bf6 22. Qa3 Nb3 23. Nc3 Bxc3 0-1

[Event "Early-Titled-Tuesday-Blitz-July-09-2024"]
[Site "Chess.com"]
[Date "2024.07.09"]
[Round "5"]
[White "UnTucopalaTimba"]
[Black "Twinstulle"]
[Result "0-1"]
[WhiteElo "2140"]
[BlackElo "2377"]
[TimeControl "180+1"]
[EndTime "8:55:21 PDT"]
[Termination "Twinstulle won by resignation"]

1. e4 c5 2. Nf3 e6 3. c3 Nf6 4. e5 Nd5 5. d4 cxd4 6. cxd4 d6 7.
Bc4 Be7 8. O-O O-O 9. Qe2 Nc6 10.
Rd1 Nb6 11. Bd3 Nb4 12. Be4 d5 13. Bd3 Nxd3 14. Qxd3 Bd7 15. b3 a5 16. Bf4 a4 17.
Nbd2 Nc8 18. Nf1 Na7 19. Ng3 Nc6 20. a3 Na5 21. b4 Nc4 22. Nd2 Nb2 23. Qe2 Nxd1 24.
Qxd1 Bb5 25. Qg4 f5 26. exf6 Rxf6 27. Nh5 Rg6 28. Qe2 Bxe2 0-1

[Event "Early-Titled-Tuesday-Blitz-July-09-2024"]
[Site "Chess.com"]
[Date "2024.07.09"]
[Round "5"]
[White "alreadybroken23"]
[Black "chipmunknau"]
[Result "1-0"]
[WhiteElo "2685"]
[BlackElo "2699"]
[TimeControl "180+1"]
[EndTime "8:55:23 PDT"]
[Termination "alreadybroken23 won by checkmate"]

1. d4 Nf6 2. Nf3 e6 3. Bf4 d6 4. e3 Be7 5. Bd3 O-O 6. h3 c5 7. Nbd2 cxd4 8. exd4 b6 9. O-O Bb7 10. Re1 Nbd7 11. c3 Rc8 12. a4 a6 13. Bh2 Qc7 14.
Qe2 Ra8 15. Ng5 Rfe8 16. Nxf7 Nf8 17. Ng5 Qc6 18. Ngf3 Qd7 19. Ne4 Bc6 20. Nxf6+ Bxf6 21. Bxa6 Bxa4 22. Rxa4 Qxa4 23. Bb5 Qa2 24. Bxe8 Rxe8 25. Bxd6 Ng6 26. Bg3 Qb3 27. h4 b5 28. h5 Nf8 29.
Be5 Nd7 30. Bxf6 Nxf6 31. h6 gxh6 32. Ne5 Kf8 33. Qf3 Ke7 34. Qb7+ Kd8 35. Nf7# 1-0

[Event "Early-Titled-Tuesday-Blitz-July-09-2024"]
[Site "Chess.com"]
[Date "2024.07.09"]
[Round "5"]
[White "AndresDelgado77"]
[Black "FMalexhdez"]
[Result "1-0"]
[WhiteElo "2330"]
[BlackElo "2266"]
[TimeControl "180+1"]
[EndTime "8:55:23 PDT"]
[Termination "AndresDelgado77 won by resignation"]

1. e4 c5 2. Nf3 d6 3. d4 cxd4 4. Qxd4 Nf6 5. e5 Nc6 6. Bb5 dxe5 7. Bxc6+ bxc6 8. Qxd8+ Kxd8 9. Nxe5 Ke8 10. O-O Ba6 11. Rd1 e6 12. Nxc6 Rc8 13. Nxa7 Rxc2 14. Nc3 Bc5 15.
Nc6 Nd7 16. Ne4 Bxf2+ 17. Nxf2 Rxc6 18. Bd2 Ke7 19. Bb4+ Kf6 20. Rxd7 1-0

[Event "Early-Titled-Tuesday-Blitz-July-09-2024"]
[Site "Chess.com"]
[Date "2024.07.09"]
[Round "5"]
[White "GMAneta"]
[Black "nrvisakh"]
[Result "0-1"]
[WhiteElo "2634"]
[BlackElo "2922"]
[TimeControl "180+1"]
[EndTime "8:55:25 PDT"]
[Termination "nrvisakh won by resignation"]

1. d4 d6 2. Nf3 Nf6 3. c4 g6 4. g3 Bg7 5. Bg2 O-O 6. O-O Bf5 7. Nc3 Ne4 8. Nd5 c6 9. Ne3 Bc8 10.
Qc2 Nf6 11. b4 a5 12. b5 Ng4 13. Nxg4 Bxg4 14. Bb2 cxb5 15. cxb5 Nd7 16. Rac1 Nf6 17. Qc7 Rb8 18. h3 Qxc7 19. Rxc7 Nd5 20. Rcc1 Bd7 21. Ng5 Nb6 22. Rc7 Bxb5 23. Rxb7 Rxb7 24. Bxb7 Bxe2 25. Re1 Bc4 26. Bc3 Rb8 27. Bf3 Bxa2 28. Ra1 Na4 29. Rxa2 Nxc3 30. Rxa5 Bxd4 31. Kg2 Rb2 0-1

[Event "Early-Titled-Tuesday-Blitz-July-09-2024"]
[Site "Chess.com"]
[Date "2024.07.09"]
[Round "5"]
[White "HansOnTwitch"]
[Black "woodpusher52"]
[Result "1-0"]
[WhiteElo "3125"]
[BlackElo "2755"]
[TimeControl "180+1"]
[EndTime "8:55:28 PDT"]
[Termination "HansOnTwitch won by resignation"]

1. e4 e5 2. Nf3 Nc6 3. Bb5 a6 4.
Ba4 Nf6 5. d3 b5 6. Bb3 Be7 7.
O-O O-O 8. a4 Rb8 9. axb5 axb5 10. Nc3 d6 11. h3 Be6 12. Bxe6 fxe6 13. Ne2 Nh5 14. Ng3 Nf4 15. c3 b4 16. d4 bxc3 17.
bxc3 exd4 18. cxd4 Qd7 19. Re1 Kh8 20. Be3 Ng6 21.
Rc1 Nd8 22. d5 c6 23. dxe6 Qxe6 24. Nd4 Qd7 25. Ndf5 Nf7 26. Nh5 Bf6 27. Nxf6 gxf6 28. Bd4 Nge5 29. f4 c5 30. Ba1 Ng6 31. Bxf6+ Kg8 32. Qg4 Rb7 33. Ne7+ Qxe7 34. Bxe7 Rxe7 35. f5 Ne5 36. Qg3 Kh8 37. fxg6 Nxg6 38. Rf1 1-0

[Event "Early-Titled-Tuesday-Blitz-July-09-2024"]
[Site "Chess.com"]
[Date "2024.07.09"]
[Round "5"]
[White "Os55555"]
[Black "HelenaWalker2912"]
[Result "1-0"]
[WhiteElo "2321"]
[BlackElo "2495"]
[TimeControl "180+1"]
[EndTime "8:55:34 PDT"]
[Termination "Os55555 won by resignation"]

1. b3 d5 2. Bb2 Bf5 3. e3 e6 4.
Nf3 Nf6 5. g3 c6 6. Bg2 h6 7. O-O Nbd7 8. d3 Be7 9. c4 O-O 10. Nc3 a5 11. a3 Qb8 12. Qd2 b5 13. Nd4 Rc8 14. cxb5 cxb5 15. Nxf5 exf5 16. Nxd5 Nxd5 17.
Bxd5 Ra7 18. Rfc1 Rac7 19. Qxa5 Nc5 20. Be5 Ra7 21. Qc3 b4 22. Bxb8 bxc3 23. Bxa7 Nxd3 24. Rc2 Bf6 25. Bd4 Bxd4 26. exd4 Kf8 27. Bc4 Nb2 28. Rxc3 1-0

[Event "Early-Titled-Tuesday-Blitz-July-09-2024"]
[Site "Chess.com"]
[Date "2024.07.09"]
[Round "5"]
[White "Bauman_Guy"]
[Black "Alex_Banzea"]
[Result "1-0"]
[WhiteElo "2958"]
[BlackElo "2702"]
[TimeControl "180+1"]
[EndTime "8:55:36 PDT"]
[Termination "Bauman_Guy won by resignation"]

1. e4 c6 2. d4 d5 3. e5 Bf5 4. Bd3 Bxd3 5. Qxd3 e6 6. Ne2 Qa5+ 7. Nd2 Qa6 8. c4 dxc4 9. Nxc4 Bb4+ 10. Bd2 Bxd2+ 11. Kxd2 Kf8 12. Nd6 Qxd3+ 13. Kxd3 Na6 14. Rhc1 Ne7 15.
Nxb7 Rb8 16. Na5 Rxb2 17. Rab1 Rxa2 18. Nxc6 Nxc6 19. Rxc6 g6 20. Nc3 Ra3 21. Kd2 Kg7 22.
Ne4 Ra2+ 23. Ke3 Rb8 24. Rxa6 Rxa6 25. Rxb8 Ra3+ 26. Ke2 a5 27. Rb7 Ra2+ 28. Ke3 1-0

[Event "Early-Titled-Tuesday-Blitz-July-09-2024"]
[Site "Chess.com"]
[Date "2024.07.09"]
[Round "5"]
[White "Chess_master1982"]
[Black "FXDon77"]
[Result "0-1"]
[WhiteElo "2642"]
[BlackElo "2863"]
[TimeControl "180+1"]
[EndTime "8:55:42 PDT"]
[Termination "FXDon77 won by checkmate"]

1. e4 c5 2. Nf3 Nc6 3. d4 cxd4 4. Nxd4 Nf6 5. Nc3 e6 6. Bg5 Bb4 7. Nb5 O-O 8. a3 Be7 9. Nd6 a6 10. Qd2 b5 11. O-O-O b4 12. axb4 Nxb4 13. h4 Qa5 14. Kb1 Rb8 15. Bc4 Rb6 16. Nxc8 Rxc8 17. Bb3 h6 18. Be3 Rd6 19. Qe2 Rxc3 20. bxc3 Nxe4 21. cxb4 Qa3 22. Qc4 Bf6 23. Rd4 Rxd4 24. Bxd4 Nd2# 0-1

[Event "Early-Titled-Tuesday-Blitz-July-09-2024"]
[Site "Chess.com"]
[Date "2024.07.09"]
[Round "5"]
[White "Alenzer"]
[Black "masterofpuppets2"]
[Result "0-1"]
[WhiteElo "2175"]
[BlackElo "2471"]
[TimeControl "180+1"]
[EndTime "8:55:42 PDT"]
[Termination "masterofpuppets2 won by resignation"]

1. e4 c6 2. Nc3 d5 3. Qe2 e5 4. exd5 Bd6 5. g3 Nf6 6. Bg2 O-O 7. dxc6 Nxc6 8. Bxc6 bxc6 9. d3 h6 10. Be3 Rb8 11.
Nf3 Bh3 12. O-O-O Qa5 13. d4 Rxb2 14. Nb1 Qxa2 15. Nc3 Qa3 16. Kd2 Bb4 17. Qc4 Ne4+ 18. Kd3 Nxc3 19. Ra1 Bf5+ 20. Kd2 Rxc2+ 21. Ke1 Qxa1+ 0-1

[Event "Early-Titled-Tuesday-Blitz-July-09-2024"]
[Site "Chess.com"]
[Date "2024.07.09"]
[Round "5"]
[White "rdarruda"]
[Black "Byniolus"]
[Result "0-1"]
[WhiteElo "2566"]
[BlackElo "2796"]
[TimeControl "180+1"]
[EndTime "8:55:47 PDT"]
[Termination "Byniolus won by resignation"]

1. d4 d6 2. e4 Nf6 3. Nc3 c6 4. Bg5 Qb6 5. Rb1 e5 6. Nf3 Nbd7 7. Qd2 Be7 8. Be2 O-O 9. O-O Re8 10. Rfe1 h6 11. Bh4 Bf8 12. Bf1 Qc7 13. Bg3 b5 14. a3 Bb7 15. d5 a6 16. dxc6 Bxc6 17. Rbc1 Nb6 18. Bd3 Qb7 19. Qe2 Nfd7 20. Nd2 Nc5 21. f4 exf4 22. Bxf4 d5 23. e5 Nc4 24. Nf3 Nxb2 25.
Kh1 d4 26. Ne4 Nxe4 27. Bxe4 Bxe4 28. Qxe4 Qxe4 29. Rxe4 d3 30. cxd3 Nxd3 31. Bg3 Nxc1 0-1

[Event "Early-Titled-Tuesday-Blitz-July-09-2024"]
[Site "Chess.com"]
[Date "2024.07.09"]
[Round "5"]
[White "RTchess367"]
[Black "ploxoi"]
[Result "1-0"]
[WhiteElo "2298"]
[BlackElo "2470"]
[TimeControl "180+1"]
[EndTime "8:55:47 PDT"]
[Termination "RTchess367 won by resignation"]

1. e4 c5 2. Nf3 e6 3. b3 d5 4.
Bb5+ Bd7 5. Bxd7+ Qxd7 6. exd5 Qxd5 7. Nc3 Qd8 8. O-O Nc6 9. Bb2 Nf6 10. Re1 Be7 11.
Ne5 Nxe5 12. Rxe5 O-O 13. d3 b6 14. Qf3 Qc7 15. Re2 Rad8 16. Rae1 Rfe8 17. Ne4 Nxe4 18. Rxe4 Rd5 19. Rg4 g6 20. h4 Rf5 21. Qe4 h5 22.
Rg3 Rf4 23. Rxg6+ Kf8 24. Bg7+ Kg8 25. Be5+ Kf8 26. Qxf4 1-0

[Event "Early-Titled-Tuesday-Blitz-July-09-2024"]
[Site "Chess.com"]
[Date "2024.07.09"]
[Round "5"]
[White "ncofre98"]
[Black "seasidesunset"]
[Result "1-0"]
[WhiteElo "2544"]
[BlackElo "2282"]
[TimeControl "180+1"]
[EndTime "8:55:53 PDT"]
[Termination "ncofre98 won by resignation"]

1. e4 c5 2. Nf3 d6 3. Bb5+ Nd7 4.
d4 cxd4 5. Qxd4 Nf6 6. Nc3 a6 7. Bxd7+ Qxd7 8. O-O e5 9. Qd3 Be7 10. Bg5 Qc6 11. Rad1 Be6 12. Bxf6 gxf6 13. Nd5 Bxd5 14.
Qxd5 Qxd5 15. Rxd5 f5 16. exf5 Rc8 17. c3 Rc6 18.
Nd2 Rc5 19. Rxc5 dxc5 20. Nc4 f6 21. Rd1 b5 22. Na5 O-O 23. Nc6 Re8 24. Nxe7+ Rxe7 25. Rd6 Kf7 26. Kf1 Ra7 27. Ke2 Ke7 28. Re6+ Kf7 29.
Rc6 c4 30. a4 bxa4 31. Rxc4 Rb7 32. Rb4 Rxb4 33. cxb4 Ke7 34. Kd3 Kd6 35. Kc4 Kc6 36.
f3 h5 37. h4 Kb6 38. Kd5 Kb5 39. g4 Kxb4 40. gxh5 Kb3 41. h6 Kxb2 42. h7 a3 43. h8=Q a2 44. Qxf6 a1=Q 45. Qxe5+ Ka2 46. Qxa1+ Kxa1 47. f6 Kb2 1-0

[Event "Early-Titled-Tuesday-Blitz-July-09-2024"]
[Site "Chess.com"]
[Date "2024.07.09"]
[Round "5"]
[White "Fh2411"]
[Black "lildoggo2007"]
[Result "1-0"]
[WhiteElo "2584"]
[BlackElo "2412"]
[TimeControl "180+1"]
[EndTime "8:55:54 PDT"]
[Termination "Fh2411 won by resignation"]

1. d4 Nf6 2. Nf3 g6 3. c4 c5 4. d5 b5 5. cxb5 a6 6. bxa6 Bg7 7. Nc3 O-O 8. e4 Qa5 9. Bd2 Bxa6 10. Bxa6 Nxa6 11. O-O d6 12. Re1 Rfb8 13. b3 Qc7 14. a4 Nb4 15. Nb5 Qa5 16. Rc1 Nd7 17. Rc4 Nb6 18. Bxb4 cxb4 19. Rc7 Re8 20. Nfd4 Bxd4 21. Qxd4 e5 22. dxe6 Rxe6 23. h4 h5 24. Re3 Rae8 25.
Ra7 1-0

[Event "Early-Titled-Tuesday-Blitz-July-09-2024"]
[Site "Chess.com"]
[Date "2024.07.09"]
[Round "5"]
[White "Seochesspie"]
[Black "chessbaerchen"]
[Result "1-0"]
[WhiteElo "2875"]
[BlackElo "2648"]
[TimeControl "180+1"]
[EndTime "8:55:55 PDT"]
[Termination "Seochesspie won by resignation"]

1. e4 e6 2. d4 d5 3. Nc3 Nf6 4. e5 Nfd7 5. f4 c5 6. Nf3 Nc6 7. Be3 a6 8. Ne2 b5 9. h4 Be7 10.
h5 f6 11. h6 g6 12. c3 fxe5 13. fxe5 cxd4 14. cxd4 O-O 15. Nf4 Bb4+ 16. Kf2 Nb6 17. Qc2 Nc4 18. Bxc4 dxc4 19. Nxg6 Rf7 20. Nf4 Bb7 21.
Rad1 Qe7 22. d5 exd5 23. Nxd5 Qe6 24. Nf6+ Kh8 25. Ng5 Rxf6+ 26. exf6 Qxf6+ 27. Kg1 Qe7 28. Rh3 Bc5 29. Qc3+ Kg8 30. Bxc5 Qxc5+ 31. Kh1 Ne5 32. Rg3 1-0

[Event "Early-Titled-Tuesday-Blitz-July-09-2024"]
[Site "Chess.com"]
[Date "2024.07.09"]
[Round "5"]
[White "DanylaBagrov"]
[Black "BobbyFischer1508"]
[Result "1-0"]
[WhiteElo "2604"]
[BlackElo "2437"]
[TimeControl "180+1"]
[EndTime "8:55:57 PDT"]
[Termination "DanylaBagrov won by resignation"]

1. e4 e6 2. b3 d5 3. Bb2 Nf6 4. e5 Ng8 5. Qg4 Ne7 6. f4 h5 7. Qh3 g6 8. Nf3 b6 9. Nc3 Ba6 10. Bxa6 Nxa6 11. O-O-O Qd7 12. Ng5 c5 13. d4 Nf5 14. dxc5 Nxc5 15. g4 Nh6 16. gxh5 Nf5 17. Nxd5 Rxh5 18. Nf6+ Ke7 19. Rxd7+ Nxd7 20. Nxh5 1-0

[Event "Early-Titled-Tuesday-Blitz-July-09-2024"]
[Site "Chess.com"]
[Date "2024.07.09"]
[Round "5"]
[White "GMMikhailKazakov"]
[Black "klauser63"]
[Result "1-0"]
[WhiteElo "2513"]
[BlackElo "2316"]
[TimeControl "180+1"]
[EndTime "8:56:03 PDT"]
[Termination "GMMikhailKazakov won by resignation"]

1. e4 e5 2. Nf3 Nc6 3. Bb5 a6 4. Ba4 Nf6 5. O-O d6 6. Re1 Bd7 7. c3 g6 8. d4 Bg7 9. Nbd2 O-O 10. Nf1 Nh5 11. Ne3 Nf4 12. Nd5 Ne6 13. Be3 Kh8 14. Bc2 Ne7 15. dxe5 dxe5 16. Bb3 c6 17. Nb6 Be8 18. Nxa8 Qxa8 19. Bxe6 fxe6 20. Bc5 Rf7 21. Ng5 Ng8 22. Nxf7+ Bxf7 23. Qd7 Nh6 24. Rad1 Bg8 25.
Qc7 Qe8 26. Rd8 Qf7 27. Qxf7 Nxf7 28. Rb8 b5 29. Rd1 h5 30. f3 h4 31. Rd7 Kh7 32.
Rbb7 Bh6 33. Rxf7+ Bxf7 34. Rxf7+ Kg8 35. Rc7 1-0

[Event "Early-Titled-Tuesday-Blitz-July-09-2024"]
[Site "Chess.com"]
[Date "2024.07.09"]
[Round "5"]
[White "Gnechko_Ruslan"]
[Black "Veleamater"]
[Result "0-1"]
[WhiteElo "2517"]
[BlackElo "2416"]
[TimeControl "180+1"]
[EndTime "8:56:07 PDT"]
[Termination "Veleamater won by resignation"]

1. d4 d6 2. e4 g6 3. Nf3 Bg7 4. Bd3 Nf6 5. O-O O-O 6. c3 Nc6 7. Re1 e5 8. h3 h6 9. a4 Nd7 10. d5 Ne7 11. c4 f5 12. Nc3 f4 13. Nh2 Nf6 14. Be2 h5 15. h4 Rf7 16. b4 Bf8 17. c5 Rg7 18. cxd6 cxd6 19. Ba3 g5 20. hxg5 Rxg5 21. Kh1 Bg4 22. f3 Bd7 23. Rc1 Ne8 24.
Nb5 a6 25. Nc3 Ng6 26. Bf1 Rg3 27. Rc2 Qg5 28. b5 h4 29. bxa6 bxa6 30. Rb2 h3 31.
Ree2 Nh4 32. Rf2 Rc8 33. Nb1 Nf6 34. Qe2 Nh5 35. Ng4 hxg2+ 36. Bxg2 Rxg4 37. fxg4 Ng3+ 38. Kg1 Rc1+ 39. Rf1 Nxe2+ 40. Rxe2 f3 0-1

[Event "Early-Titled-Tuesday-Blitz-July-09-2024"]
[Site "Chess.com"]
[Date "2024.07.09"]
[Round "5"]
[White "Hirna2005"]
[Black "HypeMan111"]
[Result "0-1"]
[WhiteElo "2412"]
[BlackElo "2299"]
[TimeControl "180+1"]
[EndTime "8:56:20 PDT"]
[Termination "HypeMan111 won by resignation"]

1. e4 c5 2. Nf3 d6 3. c3 Nf6 4.
h3 Nc6 5. Bd3 g6 6. O-O Bg7 7.
Re1 O-O 8. Bf1 e5 9. d4 exd4 10. cxd4 cxd4 11. Nxd4 d5 12. Nxc6 bxc6 13. e5 Ne4 14. Bf4 Qb6 15. Qc2 Be6 16. Bd3 Rab8 17. Re2 Nc5 18. Nc3 Qxb2 19. Qxb2 Rxb2 20. Rxb2 Nxd3 21.
Rb7 Nxf4 22. Re1 Nd3 23. Re2 Bxe5 24. Rxa7 Bxc3 25. Ra3 d4 26. Kf1 Bc4 27. Ra4 Nb4 0-1

[Event "Early-Titled-Tuesday-Blitz-July-09-2024"]
[Site "Chess.com"]
[Date "2024.07.09"]
[Round "5"]
[White "le-castor-faineant"]
[Black "el008"]
[Result "1-0"]
[WhiteElo "2326"]
[BlackElo "2535"]
[TimeControl "180+1"]
[EndTime "8:56:21 PDT"]
[Termination "le-castor-faineant won by checkmate"]

1. e4 c5 2. Nf3 e6 3. c3 a6 4. d4 Nf6 5. Bd3 b5 6. Bg5 Be7 7. dxc5 h6 8. Be3 Ng4 9. Bd4 Nf6 10. b4 Bb7 11. Nbd2 Nc6 12. Be3 Ng4 13. Bf4 g5 14. Bg3 h5 15. h3 Nh6 16. Ne5 h4 17. Bh2 Bf6 18. Ndf3 Qe7 19. Qc2 Nxe5 20. Nxe5 Rc8 21. O-O-O d6 22. cxd6 Qxd6 23. Bxb5+ Ke7 24. Rxd6 Kxd6 25.
Nxf7+ Ke7 26. e5 Kxf7 27. exf6 axb5 28. Rd1 Bd5 29. Be5 Nf5 30. Rxd5 exd5 31. Qxf5 Rhg8 32. Qd7+ Kg6 33. Qxd5 Rgd8 34. Qxb5 Kf5 35. Bc7+ Ke4 36.
Bxd8 Rxd8 37. f7 g4 38. Qe8+ Rxe8 39. fxe8=Q+ Kf4 40. hxg4 h3 41. Qe3+ Kxg4 42. Qxh3+ Kf4 43. b5 Ke4 44. Qe3+ Kd5 45. b6 Kc4 46. b7 Kd5 47.
b8=Q Kc6 48. Qbb6+ Kd7 49. Qed4+ Ke7 50. Qbf6+ Ke8 51.
Qdd8# 1-0

[Event "Early-Titled-Tuesday-Blitz-July-09-2024"]
[Site "Chess.com"]
[Date "2024.07.09"]
[Round "5"]
[White "JEHUBNER"]
[Black "SujanaLohani"]
[Result "0-1"]
[WhiteElo "2016"]
[BlackElo "2366"]
[TimeControl "180+1"]
[EndTime "8:56:21 PDT"]
[Termination "SujanaLohani won by resignation"]

1. e4 c5 2. c3 Nf6 3. e5 Nd5 4. d4 cxd4 5. cxd4 Nc6 6. Nf3 d6 7. exd6 Qxd6 8. Nc3 Bg4 9. Be2 e6 10. O-O Be7 11. h3 Bh5 12. Ne4 Qc7 13. Be3 O-O 14. Rc1 Rfd8 15. Ne5 Bg6 16. Nxc6 Bxe4 17. Nxe7+ Qxe7 18. Bf3 Bg6 19. Qe2 Rac8 20. Bh5 Nxe3 21. fxe3 e5 22. Rxc8 Rxc8 23. d5 Rc2 24. Qg4 f5 25.
Qd1 Rxb2 26. Bxg6 hxg6 27. d6 Qd7 28. Qd5+ Kh7 29. Qxe5 Rxa2 30. Rf4 Rd2 31. Rh4+ Kg8 32. Qc5 Rxd6 33. Qxa7 Rd1+ 34. Kh2 Qd6+ 35. Rf4 g5 36. Qa2+ Kh7 0-1

[Event "Early-Titled-Tuesday-Blitz-July-09-2024"]
[Site "Chess.com"]
[Date "2024.07.09"]
[Round "5"]
[White "Shankland"]
[Black "Pavlov_Sergey"]
[Result "1-0"]
[WhiteElo "2883"]
[BlackElo "2662"]
[TimeControl "180+1"]
[EndTime "8:56:22 PDT"]
[Termination "Shankland won on time"]

1. e4 c5 2. Nf3 Nf6 3. d3 d5 4. Nbd2 Nc6 5. g3 g6 6. Bg2 Bg7 7. O-O O-O 8. exd5 Nxd5 9. Nb3 b6 10. d4 c4 11. Nbd2 c3 12. Ne4 cxb2 13. Bxb2 Bb7 14. c4 Nf6 15. Ned2 Na5 16. d5 Rc8 17. Rc1 Ba6 18. Ne5 Nd7 19. Nc6 Nxc6 20. Bxg7 Kxg7 21.
dxc6 Nc5 22. Nb3 Nd3 23. Rc3 Ne5 24. Qa1 f6 25. Rd1 Qc7 26. c5 Nxc6 27. cxb6 Qxb6 28. Nc5 Rf7 29. Nxa6 Qxa6 30. Rdc1 1-0

[Event "Early-Titled-Tuesday-Blitz-July-09-2024"]
[Site "Chess.com"]
[Date "2024.07.09"]
[Round "5"]
[White "iwanyu"]
[Black "Javokhir_Sindarov05"]
[Result "1-0"]
[WhiteElo "2911"]
[BlackElo "3080"]
[TimeControl "180+1"]
[EndTime "8:56:24 PDT"]
[Termination "iwanyu won by resignation"]

1. d4 Nf6 2. c4 g6 3. Nf3 Bg7 4. g3 O-O 5. Bg2 d6 6. Nc3 Nc6 7. d5 Na5 8. b3 c5 9. Bb2 a6 10. O-O Rb8 11. Nd2 b5 12. Qc1 Bg4 13. h3 Bd7 14. e4 Qc8 15. Kh2 bxc4 16. bxc4 Rb4 17.
Nd1 Qc7 18. Bc3 Rfb8 19. Bxb4 cxb4 20. Rb1 Ba4 21. Nb2 Be8 22. Nd3 Nd7 23. Rxb4 Rxb4 24. Nxb4 Nc5 25. Qa3 Nab7 26. Nxa6 Nxa6 27. Qxa6 Nc5 28.
Qa8 Kf8 29. Rb1 1-0

[Event "Early-Titled-Tuesday-Blitz-July-09-2024"]
[Site "Chess.com"]
[Date "2024.07.09"]
[Round "5"]
[White "KevinGeorgeMicheal"]
[Black "BashirliSaadat"]
[Result "1-0"]
[WhiteElo "2531"]
[BlackElo "2397"]
[TimeControl "180+1"]
[EndTime "8:56:28 PDT"]
[Termination "KevinGeorgeMicheal won by resignation"]

1. e4 c6 2. Nf3 d5 3. Nc3 dxe4 4.
Nxe4 Nf6 5. Qe2 Nxe4 6. Qxe4 Qd5 7.
Qh4 Bf5 8. Bc4 Qe4+ 9. Qxe4 Bxe4 10. Bxf7+ Kxf7 11. Ng5+ Ke8 12. Nxe4 Nd7 13. d4 g6 14. Be3 Bg7 15. Ke2 Rd8 16. Ng5 Nf8 17. c3 h6 18.
Ne4 Ne6 19. Rad1 Kf7 20. Rhf1 Rhf8 21. f4 Kg8 22. g3 Nc7 23. Nc5 b6 24. Nd3 Nd5 25.
Ne5 Rc8 26. Nxg6 Rfd8 27. Bf2 Rd7 28. Ne5 Bxe5 29. fxe5 Rf8 30. Be3 Nxe3 31. Rxf8+ Kxf8 32. Kxe3 Kf7 33. Ke4 Ke6 34. c4 Rd8 35. d5+ cxd5+ 36.
cxd5+ Kd7 37. Rf1 Rc8 38. Rf7 Rc4+ 39. Kf5 Ke8 40. Ke6 Rc7 41. d6 1-0